NCAA
KANSAS STATE WILDCATS @ BUTLER BULLDOGS
04/22/2026
 
TOP OF THE 1ST
Kansas State Wildcats batting - Pitching for Butler Bulldogs : LHP Tim Cadenas
Pitching: LHP Tim Cadenas
Batting: LHB José Peralta 0-0: Foul Ball, location: 2F
0-1: Ball
1-1: Foul Ball, location: 2F
1-2: Strikes out swinging
Batting: RHB Javier Sánchez 0-0: Ball
1-0: Ball
2-0: Ground out 4-3 (Groundball, 4S)
Batting: RHB Steve Ashe 0-0: Fly out, F8 (Popup, 89S)
Top of the 1st over - 0 run(s), 0 hit(s), 0 error(s), 0 left on base; Kansas State 0 - Butler 0
BOTTOM OF THE 1ST
Butler Bulldogs batting - Pitching for Kansas State Wildcats : LHP José Rivera
Pitching: LHP José Rivera
Batting: RHB Steve West 0-0: Foul Ball, location: 2F
0-1: Ball
1-1: Swinging Strike
1-2: Foul Ball, location: 2F
1-2: Ball
2-2: Ball
3-2: Foul Ball, location: 2F
3-2: Strikes out swinging
Batting: RHB Jorge Calderón 0-0: Ball
1-0: Ball
2-0: Ball
3-0: Called Strike
3-1: Base on Balls
Batting: RHB Chris Miles 0-0: Fly out, F9 (Line Drive, 89M)
Batting: RHB Rob Gilbert 0-0: Ball
1-0: Ball
2-0: Ball
3-0: Base on Balls
Jorge Calderón to second
Batting: RHB Keith Stimson 0-0: Called Strike
0-1: Ball
1-1: Fly out, F8 (Flyball, 8LM)
Bottom of the 1st over - 0 run(s), 0 hit(s), 0 error(s), 2 left on base; Kansas State 0 - Butler 0
TOP OF THE 2ND
Kansas State Wildcats batting - Pitching for Butler Bulldogs : LHP Tim Cadenas
Batting: RHB José Valdés 0-0: Ball
1-0: Ball
2-0: Ball
3-0: Base on Balls
Batting: LHB Jim Knight 0-0: Ball
1-0: Foul Ball, location: 2F
1-1: DOUBLE (Flyball, 7LM)
José Valdés to third
Batting: RHB David MacKinney 0-0: SINGLE (Flyball, 78M)
José Valdés scores
Jim Knight to third
Batting: RHB Kyle Mann 0-0: Foul Ball, location: 2F
0-1: Swinging Strike
0-2: Ball
1-2: Ball
2-2: Foul Ball, location: 2F
2-2: Ball
3-2: Base on Balls
David MacKinney to second
Batting: RHB Roy Powell 0-0: Foul Ball, location: 2F
0-1: Called Strike
0-2: Fly out, F9 (Flyball, 9S)
Batting: SHB Felipe Martínez 0-0: Foul Ball, location: 2F
0-1: Ball
1-1: Ball
2-1: Foul Ball, location: 2F
2-2: Ball
3-2: Base on Balls
Jim Knight scores
David MacKinney to third
Kyle Mann to second
Batting: LHB José Peralta 0-0: Called Strike
0-1: Foul Ball, location: 2F
0-2: Ball
1-2: Ball
2-2: SINGLE (Groundball, 6MD)
David MacKinney scores
Kyle Mann to third
Felipe Martínez to second
Batting: RHB Javier Sánchez 0-0: Called Strike
0-1: Ball
1-1: Ball
2-1: Called Strike
2-2: Strikes out swinging
Batting: RHB Steve Ashe 0-0: DOUBLE (Groundball, 5L)
Kyle Mann scores
Felipe Martínez scores
José Peralta to third
Runner from 3rd tries for Home, SAFE, no throw or cutoff
Batting: RHB José Valdés 0-0: Ball
1-0: Foul Ball, location: 2F
1-1: Called Strike
1-2: Ball
2-2: Foul Ball, location: 2F
2-2: Fly out, F4 (Popup, 34)
Top of the 2nd over - 6 run(s), 4 hit(s), 0 error(s), 1 left on base; Kansas State 6 - Butler 0
BOTTOM OF THE 2ND
Butler Bulldogs batting - Pitching for Kansas State Wildcats : LHP José Rivera
Batting: LHB Ralph Jackson 0-0: Bunt missed!
0-1: Ball
1-1: Called Strike
1-2: Ball
2-2: Foul Ball, location: 2F
2-2: Foul Ball, location: 2F
2-2: Ball
3-2: Foul Ball, location: 2F
3-2: Base on Balls
Batting: LHB Nick Hopper 0-0: Ball
1-0: Ball
2-0: Called Strike
2-1: Hit by Pitch
Ralph Jackson to second
Batting: RHB Will Anderson 0-0: Ball
1-0: Foul Ball, location: 2F
1-1: Ball
2-1: Ball
3-1: Foul Ball, location: 2F
3-2: Strikes out swinging
Batting: RHB Marv Shepard 0-0: Called Strike
0-1: Swinging Strike
0-2: Foul Ball, location: 2F
0-2: Hit by Pitch
Ralph Jackson to third
Nick Hopper to second
Batting: RHB Steve West 0-0: Ball
1-0: Called Strike
1-1: Foul Ball, location: 2F
1-2: Foul Ball, location: 2F
1-2: Foul Ball, location: 2F
1-2: Strikes out looking
Batting: RHB Jorge Calderón 0-0: Foul Ball, location: 2F
0-1: Called Strike
0-2: Ball
1-2: Strikes out looking
Bottom of the 2nd over - 0 run(s), 0 hit(s), 0 error(s), 3 left on base; Kansas State 6 - Butler 0
TOP OF THE 3RD
Kansas State Wildcats batting - Pitching for Butler Bulldogs : LHP Tim Cadenas
Batting: LHB Jim Knight 0-0: Ground out 4-3 (Groundball, 4M)
Batting: RHB David MacKinney 0-0: Called Strike
0-1: Ball
1-1: Ball
2-1: Swinging Strike
2-2: Ball
3-2: SINGLE (Groundball, 6MD)
Batting: RHB Kyle Mann 0-0: Ball
1-0: Grounds into double play, U4-3 (Groundball, 4)
Top of the 3rd over - 0 run(s), 1 hit(s), 0 error(s), 0 left on base; Kansas State 6 - Butler 0
BOTTOM OF THE 3RD
Butler Bulldogs batting - Pitching for Kansas State Wildcats : LHP José Rivera
Batting: RHB Chris Miles 0-0: Ball
1-0: SINGLE (Groundball, 56D)
Batting: RHB Rob Gilbert 0-0: Ball
1-0: Ball
2-0: Called Strike
2-1: Called Strike
2-2: Foul Ball, location: 2F
2-2: Ball
3-2: Base on Balls
Chris Miles to second
Batting: RHB Keith Stimson 0-0: Ball
1-0: Fielders Choice at 2nd, 6-4 (Groundball, 56)
Chris Miles to third
Batting: LHB Ralph Jackson 0-0: Foul Ball, location: 2F
0-1: Ball
1-1: Ball
2-1: Foul Ball, location: 2F
2-2: 3-RUN HOME RUN (Flyball, 9D), Distance : 405 ft
Batting: LHB Nick Hopper 0-0: Ball
1-0: SINGLE (Line Drive, 89M)
Batting: RHB Will Anderson 0-0: Ball
1-0: Ball
2-0: Called Strike
2-1: Ball
3-1: Called Strike
3-2: Foul Ball, location: 2F
3-2: Grounds into double play, 6-4-3 (Groundball, 6)
Bottom of the 3rd over - 3 run(s), 3 hit(s), 0 error(s), 0 left on base; Kansas State 6 - Butler 3
TOP OF THE 4TH
Kansas State Wildcats batting - Pitching for Butler Bulldogs : LHP Tim Cadenas
Batting: RHB Roy Powell 0-0: Ball
1-0: Ball
2-0: Swinging Strike
2-1: Foul Ball, location: 2F
2-2: Foul Ball, location: 2F
2-2: Ground out 6-3 (Groundball, 6)
Batting: SHB Felipe Martínez 0-0: Ball
1-0: Ground out 4-3 (Groundball, 4)
Batting: LHB José Peralta 0-0: Ball
1-0: Ball
2-0: Called Strike
2-1: Fly out, F6 (Popup, 4MD)
Top of the 4th over - 0 run(s), 0 hit(s), 0 error(s), 0 left on base; Kansas State 6 - Butler 3
BOTTOM OF THE 4TH
Butler Bulldogs batting - Pitching for Kansas State Wildcats : LHP José Rivera
Batting: RHB Marv Shepard 0-0: Foul Ball, location: 2F
0-1: Ball
1-1: Ground out 6-3 (Groundball, 6)
Pitching: RHP Carl Curry
Batting: RHB Steve West 0-0: Ball
1-0: Called Strike
1-1: Foul Ball, location: 2F
1-2: Strikes out swinging
Batting: RHB Jorge Calderón 0-0: Called Strike
0-1: Called Strike
0-2: Ball
1-2: Ball
2-2: Ball
3-2: Base on Balls
Batting: RHB Chris Miles 0-0: Ball
Jorge Calderón steals 2nd base
1-0: Called Strike
1-1: Ball
2-1: Foul Ball, location: 2F
2-2: Ball
3-2: Foul Ball, location: 2F
3-2: Foul Ball, location: 2F
3-2: Base on Balls
Batting: RHB Rob Gilbert 0-0: Ground out 6-3 (Groundball, 6)
Bottom of the 4th over - 0 run(s), 0 hit(s), 0 error(s), 2 left on base; Kansas State 6 - Butler 3
TOP OF THE 5TH
Kansas State Wildcats batting - Pitching for Butler Bulldogs : LHP Tim Cadenas
Batting: RHB Javier Sánchez 0-0: Called Strike
0-1: Ball
1-1: SINGLE (Line Drive, 4M)
Batting: RHB Steve Ashe 0-0: Called Strike
0-1: Ball
1-1: Ball
2-1: SINGLE (Line Drive, 7S)
Javier Sánchez to second
Batting: RHB José Valdés 0-0: Ball
1-0: Ball
2-0: Ball
3-0: Base on Balls
Javier Sánchez to third
Steve Ashe to second
Batting: LHB Jim Knight 0-0: Called Strike
0-1: Swinging Strike
0-2: Ball
1-2: Grounds into double play, 4-6-3 (Groundball, 34)
Javier Sánchez scores
Steve Ashe to third
Batting: RHB David MacKinney 0-0: Called Strike
0-1: Foul Ball, location: 2F
0-2: Fly out, F8 (Flyball, 8LD)
Top of the 5th over - 1 run(s), 2 hit(s), 0 error(s), 1 left on base; Kansas State 7 - Butler 3
BOTTOM OF THE 5TH
Butler Bulldogs batting - Pitching for Kansas State Wildcats : RHP Carl Curry
Batting: RHB Keith Stimson 0-0: Ball
1-0: Foul Ball, location: 2F
1-1: Called Strike
1-2: Strikes out swinging
Batting: LHB Ralph Jackson 0-0: Called Strike
0-1: Ball
1-1: Foul Ball, location: 2F
1-2: Ball
2-2: SINGLE (Line Drive, 9LS)
Batting: LHB Nick Hopper 0-0: Foul Ball, location: 2F
0-1: Ball
1-1: Ball
2-1: Called Strike
2-2: Ball
3-2: Foul Ball, location: 2F
3-2: SINGLE (Groundball, 5S) (infield hit)
Ralph Jackson to second
Batting: RHB Will Anderson 0-0: Called Strike
0-1: Fly out, F3 (Popup, 3DF)
Batting: RHB Marv Shepard 0-0: Ball
1-0: Ball
2-0: Ball
3-0: Called Strike
3-1: DOUBLE (Line Drive, 7LS)
Ralph Jackson scores
Nick Hopper to third
Runner from 3rd tries for Home, SAFE, no throw or cutoff
Batting: RHB Steve West 0-0: Foul Ball, location: 2F
0-1: Foul Ball, location: 2F
0-2: Ball
1-2: Hit by Pitch
Batting: RHB Jorge Calderón 0-0: Ball
1-0: Ball
2-0: Fly out, F7 (Flyball, 78M)
Bottom of the 5th over - 2 run(s), 3 hit(s), 0 error(s), 2 left on base; Kansas State 7 - Butler 5
TOP OF THE 6TH
Kansas State Wildcats batting - Pitching for Butler Bulldogs : LHP Tim Cadenas
Batting: RHB Kyle Mann 0-0: Ball
1-0: Ball
2-0: SOLO HOME RUN (Flyball, 78XD), Distance : 434 ft
Batting: RHB Roy Powell 0-0: Called Strike
0-1: Ground out 4-3 (Groundball, 4)
Batting: SHB Felipe Martínez 0-0: Foul Ball, location: 2F
0-1: Ball
1-1: Foul Ball, location: 2F
1-2: Ball
2-2: Strikes out swinging
Batting: LHB José Peralta 0-0: Ball
1-0: Swinging Strike
1-1: SINGLE (Groundball, 6M)
Batting: RHB Javier Sánchez 0-0: Called Strike
0-1: Ball
1-1: Called Strike
1-2: Foul Ball, location: 2F
1-2: Fly out, F8 (Flyball, 8LM)
Top of the 6th over - 1 run(s), 2 hit(s), 0 error(s), 1 left on base; Kansas State 8 - Butler 5
BOTTOM OF THE 6TH
Butler Bulldogs batting - Pitching for Kansas State Wildcats : RHP Carl Curry
Batting: RHB Chris Miles 0-0: Called Strike
0-1: Ball
1-1: Called Strike
1-2: Strikes out swinging
Pitching: RHP Craig Miller
Batting: RHB Rob Gilbert 0-0: Fly out, F6 (Popup, 6M)
Batting: RHB Keith Stimson 0-0: Ball
1-0: Ball
2-0: Ball
3-0: Base on Balls
Batting: LHB Ralph Jackson 0-0: Ball
1-0: Foul Ball, location: 2F
1-1: Ball
2-1: Foul Ball, location: 2F
2-2: Strikes out swinging
Bottom of the 6th over - 0 run(s), 0 hit(s), 0 error(s), 1 left on base; Kansas State 8 - Butler 5
TOP OF THE 7TH
Kansas State Wildcats batting - Pitching for Butler Bulldogs : LHP Tim Cadenas
Batting: RHB Steve Ashe 0-0: Called Strike
0-1: Swinging Strike
0-2: Ball
1-2: SINGLE (Groundball, 6MD)
Pitching: RHP Dave Edwards
Batting: RHB José Valdés 0-0: Ball
1-0: Ball
2-0: Called Strike
2-1: Ball
3-1: Called Strike
3-2: Base on Balls
Steve Ashe to second
Batting: LHB Jim Knight 0-0: Ball
1-0: Fly out, F7 (Flyball, 7D)
Runner from 2nd tags up, SAFE at 3rd, no throw
Batting: RHB David MacKinney 0-0: Swinging Strike
0-1: Ball
1-1: Foul Ball, location: 2F
1-2: Strikes out looking
Batting: RHB Kyle Mann 0-0: Ball
1-0: SINGLE (Flyball, 78S)
Steve Ashe scores
José Valdés to second
Batting: RHB Roy Powell 0-0: Ball
1-0: SINGLE (Groundball, 56)
José Valdés to third
Kyle Mann to second
Runner from 3rd tries for Home, SAFE, no throw or cutoff
Batting: SHB Felipe Martínez 0-0: Ball
1-0: Foul Ball, location: 2F
1-1: Called Strike
1-2: Foul Ball, location: 2F
1-2: Ball
2-2: Ground out 1-3 (Groundball, 13)
Top of the 7th over - 2 run(s), 3 hit(s), 0 error(s), 2 left on base; Kansas State 10 - Butler 5
BOTTOM OF THE 7TH
Butler Bulldogs batting - Pitching for Kansas State Wildcats : RHP Craig Miller
Batting: LHB Nick Hopper 0-0: Ball
1-0: Foul Ball, location: 2F
1-1: Foul Ball, location: 2F
1-2: Ball
2-2: Strikes out swinging
Batting: RHB Will Anderson 0-0: Foul Ball, location: 2F
0-1: Ball
1-1: Foul Ball, location: 2F
1-2: Strikes out swinging
Batting: RHB Marv Shepard 0-0: Swinging Strike
0-1: Foul Ball, location: 2F
0-2: Strikes out swinging
Bottom of the 7th over - 0 run(s), 0 hit(s), 0 error(s), 0 left on base; Kansas State 10 - Butler 5
TOP OF THE 8TH
Kansas State Wildcats batting - Pitching for Butler Bulldogs : RHP Dave Edwards
Batting: LHB José Peralta 0-0: Ball
1-0: Ground out 3-1 (Groundball, 34)
Batting: RHB Javier Sánchez 0-0: Swinging Strike
0-1: SINGLE (Groundball, 4MD)
Batting: RHB Steve Ashe 0-0: Grounds into double play, 6-4-3 (Groundball, 6)
Top of the 8th over - 0 run(s), 1 hit(s), 0 error(s), 0 left on base; Kansas State 10 - Butler 5
BOTTOM OF THE 8TH
Butler Bulldogs batting - Pitching for Kansas State Wildcats : RHP Craig Miller
Now in LF: Andrés Zamora
Batting: RHB Steve West 0-0: Foul Ball, location: 2F
0-1: Called Strike
0-2: Hit by Pitch
Batting: RHB Jorge Calderón 0-0: Ball
1-0: Foul Ball, location: 2F
1-1: Foul Ball, location: 2F
1-2: Strikes out looking
Pitching: RHP Mike Campbell
Batting: RHB Chris Miles 0-0: Ball
1-0: Ball
2-0: Ball
3-0: Called Strike
3-1: Foul Ball, location: 2F
3-2: Base on Balls
Steve West to second
Batting: RHB Rob Gilbert 0-0: Swinging Strike
0-1: Called Strike
0-2: Hit by Pitch
Steve West to third
Chris Miles to second
Pitching: RHP Cecil Meredith
Batting: RHB Keith Stimson 0-0: Ball
1-0: Foul Ball, location: 2F
1-1: Foul Ball, location: 2F
1-2: Grounds into double play, U6-3 (Groundball, 6)
Bottom of the 8th over - 0 run(s), 0 hit(s), 0 error(s), 2 left on base; Kansas State 10 - Butler 5
TOP OF THE 9TH
Kansas State Wildcats batting - Pitching for Butler Bulldogs : RHP Dave Edwards
Pitching: LHP Dave Rose
Batting: RHB José Valdés 0-0: Called Strike
0-1: Ball
1-1: Called Strike
1-2: Foul Ball, location: 2F
1-2: Foul Ball, location: 2F
1-2: Ground out 6-3 (Groundball, 56)
Pitching: RHP Dusty Webb
Batting: LHB Jim Knight 0-0: Ball
1-0: Ball
2-0: SINGLE (Line Drive, 4D)
Pitching: RHP Mike Moore
Batting: RHB David MacKinney 0-0: Called Strike
0-1: Ball
1-1: Called Strike
1-2: Ball
2-2: Ball
3-2: Foul Ball, location: 2F
3-2: Fly out, F9 (Flyball, 89M)
Pitching: RHP Nick Hood
Batting: RHB Kyle Mann 0-0: Foul Ball, location: 2F
0-1: Foul Ball, location: 2F
0-2: Foul Ball, location: 2F
0-2: Reached on error, E5 (Groundball, 5S)
Jim Knight to second
Batting: RHB Roy Powell 0-0: Ball
1-0: Ground out 5-3 (Groundball, 56)
Top of the 9th over - 0 run(s), 1 hit(s), 1 error(s), 2 left on base; Kansas State 10 - Butler 5
BOTTOM OF THE 9TH
Butler Bulldogs batting - Pitching for Kansas State Wildcats : RHP Cecil Meredith
Now at C: Steve Johnson
Now at 2B: Armando García
Batting: LHB Ralph Jackson 0-0: SINGLE (Groundball, 6MD)
Batting: LHB Nick Hopper 0-0: Ball
1-0: Foul Ball, location: 2F
1-1: Swinging Strike
1-2: Strikes out looking
Batting: RHB Will Anderson 0-0: Called Strike
0-1: Ball
1-1: Called Strike
1-2: SINGLE (Line Drive, 4D)
Ralph Jackson to second
Batting: RHB Marv Shepard 0-0: Foul Ball, location: 2F
0-1: Ball
1-1: Ball
2-1: Ball
3-1: Foul Ball, location: 2F
3-2: Base on Balls
Ralph Jackson to third
Will Anderson to second
Pitching: RHP Ron Davis
Batting: RHB Steve West 0-0: Ball
1-0: Foul Ball, location: 2F
1-1: Ball
2-1: Swinging Strike
2-2: Foul Ball, location: 2F
2-2: Ball
3-2: Foul Ball, location: 2F
3-2: Strikes out swinging
Batting: RHB Jorge Calderón 0-0: Ball
1-0: SINGLE (Groundball, 6M)
Ralph Jackson scores
Will Anderson to third
Marv Shepard to second
Runner from 3rd tries for Home, SAFE, no throw or cutoff
Batting: RHB Chris Miles 0-0: Ball
1-0: Foul Ball, location: 2F
1-1: Foul Ball, location: 2F
1-2: Ball
2-2: SINGLE (Groundball, 4MD)
Marv Shepard to third
Jorge Calderón to second
Runner from 3rd tries for Home, SAFE, no throw or cutoff
Batting: RHB Rob Gilbert 0-0: Ball
1-0: Ball
2-0: Foul Ball, location: 2F
2-1: Called Strike
2-2: Ball
3-2: Strikes out swinging
Bottom of the 9th over - 3 run(s), 4 hit(s), 0 error(s), 2 left on base; Kansas State 10 - Butler 8
Monday, December 5th, 2016 - OOTP Baseball 17.12 Build 75